NCAA
BOSTON COLLEGE EAGLES @ DUKE BLUE DEVILS
05/20/2028
 
TOP OF THE 1ST
Boston College Eagles batting - Pitching for Duke Blue Devils : LHP Doug Hicks
Pitching: LHP Doug Hicks
Batting: SHB Ralph Alfonzo 0-0: Called Strike
0-1: Ball
1-1: Ball
2-1: Foul Ball, location: 2F
2-2: Ball
3-2: Foul Ball, location: 2F
3-2: Foul Ball, location: 2F
3-2: SINGLE (Groundball, 4MD)
Batting: RHB Stanley Wallace 0-0: Ball
1-0: Ball
2-0: Called Strike
2-1: Foul Ball, location: 2F
2-2: Ball
3-2: SINGLE (Line Drive, 9LS)
Ralph Alfonzo to second
Ralph Alfonzo to third
Batting: RHB Jim Banks 0-0: Ball
1-0: Swinging Strike
1-1: Ball
2-1: Foul Ball, location: 2F
2-2: Strikes out swinging
Batting: RHB Justin Waterston 0-0: Called Strike
0-1: Ball
1-1: Ball
2-1: Foul Ball, location: 2F
2-2: Ball
3-2: Strikes out looking
Batting: RHB Ed Gómez 0-0: Called Strike
0-1: Ball
1-1: Swinging Strike
1-2: Ball
2-2: Strikes out swinging
Top of the 1st over - 0 run(s), 2 hit(s), 0 error(s), 2 left on base; Boston College 0 - Duke 0
BOTTOM OF THE 1ST
Duke Blue Devils batting - Pitching for Boston College Eagles : RHP Ed Crawford
Pitching: RHP Ed Crawford
Batting: RHB Ronnie Starr 0-0: Ball
1-0: Fly out, F7 (Flyball, 78M)
Batting: RHB John Conway 0-0: SINGLE (Flyball, 8LS)
Batting: RHB Danny Morrison 0-0: Ball
1-0: Swinging Strike
1-1: Called Strike
1-2: Foul Ball, location: 2F
1-2: Foul Ball, location: 2F
1-2: Strikes out swinging
Batting: LHB Cade Brown 0-0: Ball
1-0: Ball
2-0: Called Strike
2-1: Foul Ball, location: 2F
2-2: Ball
3-2: Foul Ball, location: 2F
3-2: Foul Ball, location: 2F
3-2: Base on Balls
John Conway to second
Batting: SHB Barry Holman 0-0: Swinging Strike
0-1: Ball
1-1: Foul Ball, location: 2F
1-2: Ball
2-2: Strikes out swinging
Bottom of the 1st over - 0 run(s), 1 hit(s), 0 error(s), 2 left on base; Boston College 0 - Duke 0
TOP OF THE 2ND
Boston College Eagles batting - Pitching for Duke Blue Devils : LHP Doug Hicks
Batting: RHB Armando Blanco 0-0: Foul Ball, location: 2F
0-1: Ball
1-1: Called Strike
1-2: Strikes out swinging
Batting: SHB Walt Gómez 0-0: Foul Ball, location: 2F
0-1: Ball
1-1: Called Strike
1-2: Strikes out looking
Batting: SHB Héctor Arteago 0-0: Ground out 6-3 (Groundball, 6)
Top of the 2nd over - 0 run(s), 0 hit(s), 0 error(s), 0 left on base; Boston College 0 - Duke 0
BOTTOM OF THE 2ND
Duke Blue Devils batting - Pitching for Boston College Eagles : RHP Ed Crawford
Batting: LHB Shawn Henderson 0-0: Fly out, F9 (Flyball, 89M)
Batting: SHB Luis Romero 0-0: Ball
1-0: Foul Ball, location: 2F
1-1: Ball
2-1: SOLO HOME RUN (Flyball, 9D), Distance : 367 ft
Batting: RHB Tommy Reid 0-0: Ground out 4-3 (Groundball, 4)
Batting: RHB Deron McClendon 0-0: Ball
1-0: Ball
2-0: Called Strike
2-1: Foul Ball, location: 2F
2-2: Strikes out swinging
Bottom of the 2nd over - 1 run(s), 1 hit(s), 0 error(s), 0 left on base; Boston College 0 - Duke 1
TOP OF THE 3RD
Boston College Eagles batting - Pitching for Duke Blue Devils : LHP Doug Hicks
Batting: RHB Alan Mercado 0-0: Called Strike
0-1: Fly out, F8 (Line Drive, 78M)
Batting: SHB Ralph Alfonzo 0-0: Ball
1-0: Swinging Strike
1-1: Ground out 6-3 (Groundball, 6)
Batting: RHB Stanley Wallace 0-0: Called Strike
0-1: Ground out 4-3 (Groundball, 4D)
Top of the 3rd over - 0 run(s), 0 hit(s), 0 error(s), 0 left on base; Boston College 0 - Duke 1
BOTTOM OF THE 3RD
Duke Blue Devils batting - Pitching for Boston College Eagles : RHP Ed Crawford
Batting: RHB Ronnie Starr 0-0: Ball
1-0: Foul Ball, location: 2F
1-1: Swinging Strike
1-2: DOUBLE (Line Drive, 8RD)
Batting: RHB John Conway 0-0: Called Strike
0-1: Swinging Strike
0-2: Strikes out swinging, 2-3 out at first.
Batting: RHB Danny Morrison 0-0: Called Strike
0-1: Ball
1-1: Foul Ball, location: 2F
1-2: Foul Ball, location: 2F
1-2: Strikes out looking
Batting: LHB Cade Brown 0-0: Foul Ball, location: 2F
0-1: Ball
1-1: Foul Ball, location: 2F
1-2: SINGLE (Groundball, 5D)
Ronnie Starr to third
Runner from 3rd tries for Home, SAFE, no throw
Batting: SHB Barry Holman 0-0: Ball
1-0: Ball
2-0: Fielders Choice at 2nd, 6-4 (Groundball, 6)
Bottom of the 3rd over - 1 run(s), 2 hit(s), 0 error(s), 0 left on base; Boston College 0 - Duke 2
TOP OF THE 4TH
Boston College Eagles batting - Pitching for Duke Blue Devils : LHP Doug Hicks
Batting: RHB Jim Banks 0-0: Ball
1-0: Ball
2-0: Called Strike
2-1: Swinging Strike
2-2: Ground out 5-3 (Groundball, 56S)
Batting: RHB Justin Waterston 0-0: Foul Ball, location: 2F
0-1: Foul Ball, location: 2F
0-2: Foul Ball, location: 2F
0-2: Ball
1-2: Ball
2-2: Ball
3-2: Ground out 6-3 (Groundball, 6)
Batting: RHB Ed Gómez 0-0: Ball
1-0: Foul Ball, location: 2F
1-1: Ball
2-1: Ground out 5-3 (Groundball, 56)
Top of the 4th over - 0 run(s), 0 hit(s), 0 error(s), 0 left on base; Boston College 0 - Duke 2
BOTTOM OF THE 4TH
Duke Blue Devils batting - Pitching for Boston College Eagles : RHP Ed Crawford
Batting: LHB Shawn Henderson 0-0: Ground out 4-3 (Groundball, 4S)
Batting: SHB Luis Romero 0-0: Swinging Strike
0-1: Ball
1-1: Ground out 3-1 (Groundball, 34)
Batting: RHB Tommy Reid 0-0: Called Strike
0-1: Called Strike
0-2: Strikes out swinging
Bottom of the 4th over - 0 run(s), 0 hit(s), 0 error(s), 0 left on base; Boston College 0 - Duke 2
TOP OF THE 5TH
Boston College Eagles batting - Pitching for Duke Blue Devils : LHP Doug Hicks
Batting: RHB Armando Blanco 0-0: Ball
1-0: Foul Ball, location: 2F
1-1: Called Strike
1-2: Ball
2-2: SINGLE (Groundball, 6MD)
Batting: SHB Walt Gómez 0-0: Called Strike
0-1: Ball
1-1: Swinging Strike
1-2: Fly out, F9 (Flyball, 9S)
Batting: SHB Héctor Arteago 0-0: Called Strike
0-1: Grounds into double play, 4-6-3 (Groundball, 4)
Top of the 5th over - 0 run(s), 1 hit(s), 0 error(s), 0 left on base; Boston College 0 - Duke 2
BOTTOM OF THE 5TH
Duke Blue Devils batting - Pitching for Boston College Eagles : RHP Ed Crawford
Batting: RHB Deron McClendon 0-0: Ball
1-0: Ball
2-0: Ball
3-0: Called Strike
3-1: Ground out 6-3 (Groundball, 6)
Batting: RHB Ronnie Starr 0-0: Ground out 1-3 (Groundball, 13S)
Batting: RHB John Conway 0-0: Fly out, F8 (Flyball, 78M)
Bottom of the 5th over - 0 run(s), 0 hit(s), 0 error(s), 0 left on base; Boston College 0 - Duke 2
TOP OF THE 6TH
Boston College Eagles batting - Pitching for Duke Blue Devils : LHP Doug Hicks
Batting: RHB Alan Mercado 0-0: Called Strike
0-1: Swinging Strike
0-2: Foul Ball, location: 2F
0-2: Ball
1-2: Ball
2-2: Strikes out swinging
Batting: SHB Ralph Alfonzo 0-0: Ball
1-0: SINGLE (Line Drive, 7S)
Pitching: RHP Adrian Walker
Batting: RHB Stanley Wallace 0-0: Ball
1-0: Ball
2-0: Swinging Strike
2-1: Called Strike
2-2: Strikes out swinging
Batting: RHB Jim Banks 0-0: Called Strike
Ralph Alfonzo steals 2nd base
0-1: Ball
1-1: Swinging Strike
1-2: Ground out 6-3 (Groundball, 6)
Top of the 6th over - 0 run(s), 1 hit(s), 0 error(s), 1 left on base; Boston College 0 - Duke 2
BOTTOM OF THE 6TH
Duke Blue Devils batting - Pitching for Boston College Eagles : RHP Ed Crawford
Batting: RHB Danny Morrison 0-0: Called Strike
0-1: Called Strike
0-2: Strikes out swinging
Batting: LHB Cade Brown 0-0: Ball
1-0: Called Strike
1-1: SINGLE (Flyball, 7S)
Pitching: RHP Tom Love
Batting: SHB Barry Holman 0-0: Ball
1-0: Fielders Choice at 2nd, 4-6 (Groundball, 4)
Batting: LHB Shawn Henderson 0-0: Foul Ball, location: 2F
0-1: Called Strike
0-2: Ball
1-2: Ball
2-2: Strikes out looking
Bottom of the 6th over - 0 run(s), 1 hit(s), 0 error(s), 1 left on base; Boston College 0 - Duke 2
TOP OF THE 7TH
Boston College Eagles batting - Pitching for Duke Blue Devils : RHP Adrian Walker
Batting: RHB Justin Waterston 0-0: Ball
1-0: Foul Ball, location: 2F
1-1: Ball
2-1: Called Strike
2-2: Ball
3-2: Base on Balls
Batting: RHB Ed Gómez 0-0: Ball
1-0: Ball
2-0: Called Strike
2-1: Ball
3-1: Base on Balls
Justin Waterston to second
Batting: RHB Armando Blanco 0-0: Ball
1-0: Sac Bunt - play at first, batter OUT! 1-4
Justin Waterston to third
Ed Gómez to second
Batting: SHB Walt Gómez 0-0: Ball
1-0: Called Strike
1-1: Foul Ball, location: 2F
1-2: Strikes out swinging
Batting: SHB Héctor Arteago 0-0: Called Strike
0-1: Ball
1-1: Foul Ball, location: 2F
1-2: Fly out, F9 (Line Drive, 9)
Top of the 7th over - 0 run(s), 0 hit(s), 0 error(s), 2 left on base; Boston College 0 - Duke 2
BOTTOM OF THE 7TH
Duke Blue Devils batting - Pitching for Boston College Eagles : RHP Tom Love
Batting: SHB Luis Romero 0-0: Called Strike
0-1: Ball
1-1: Fly out, F6 (Popup, 6)
Batting: RHB Tommy Reid 0-0: Ball
1-0: Called Strike
1-1: Called Strike
1-2: Ball
2-2: SINGLE (Line Drive, 89S)
Batting: RHB Deron McClendon 0-0: Ball
1-0: Called Strike
1-1: Ball
2-1: Ball
3-1: SINGLE (Flyball, 89M)
Tommy Reid to second
Runner from 2nd tries for 3rd, SAFE, throw made to third
Deron McClendon to second
Batting: RHB Ronnie Starr 0-0: Fly out, F9 (Flyball, 9)
Batting: RHB John Conway 0-0: Ball
1-0: Swinging Strike
1-1: Swinging Strike
1-2: Strikes out swinging
Bottom of the 7th over - 0 run(s), 2 hit(s), 0 error(s), 2 left on base; Boston College 0 - Duke 2
TOP OF THE 8TH
Boston College Eagles batting - Pitching for Duke Blue Devils : RHP Adrian Walker
Batting: RHB Alan Mercado 0-0: Ball
1-0: Foul Ball, location: 2F
1-1: Ball
2-1: Ball
3-1: Foul Ball, location: 2F
3-2: Single, Error in OF, E9, batter to second base
Pitching: LHP Miguel Aragón
Batting: SHB Ralph Alfonzo 0-0: Ball
1-0: Ball
2-0: Ball
3-0: Base on Balls
Pitching: RHP Ryan Downer
Batting: RHB Stanley Wallace 0-0: Ball
1-0: Ball
Wild Pitch!
Alan Mercado to third
Ralph Alfonzo to second
2-0: Ball
3-0: Base on Balls
Batting: RHB Jim Banks 0-0: Foul Ball, location: 2F
0-1: Swinging Strike
0-2: DOUBLE (Line Drive, 7LD)
Alan Mercado scores
Ralph Alfonzo scores
Stanley Wallace to third
Batting: RHB Justin Waterston 0-0: Foul Ball, location: 2F
0-1: Ball
1-1: Foul Ball, location: 2F
1-2: Ball
2-2: 3-RUN HOME RUN (Flyball, 7D), Distance : 368 ft
Pitching: RHP Jamie Arce
Batting: RHB Ed Gómez 0-0: Ball
1-0: Swinging Strike
1-1: Foul Ball, location: 2F
1-2: Strikes out swinging
Batting: RHB Armando Blanco 0-0: Ball
1-0: Called Strike
1-1: Foul Ball, location: 2F
1-2: Ground out 5-3 (Groundball, 5L)
Batting: SHB Walt Gómez 0-0: Ball
1-0: Called Strike
1-1: Swinging Strike
1-2: Strikes out looking
Top of the 8th over - 5 run(s), 3 hit(s), 1 error(s), 0 left on base; Boston College 5 - Duke 2
BOTTOM OF THE 8TH
Duke Blue Devils batting - Pitching for Boston College Eagles : RHP Tom Love
Batting: RHB Danny Morrison 0-0: Ball
1-0: SINGLE (Line Drive, 8LS)
Pitching: LHP Mariano García
Batting: LHB Cade Brown 0-0: SINGLE (Groundball, 4) (infield hit)
Danny Morrison to second
Batting: SHB Barry Holman 0-0: Called Strike
0-1: Foul Ball, location: 2F
0-2: Ball
1-2: Ball
2-2: Ground out 6-3 (Groundball, 6S)
Danny Morrison to third
Cade Brown to second
Batting: LHB Shawn Henderson 0-0: Ball
1-0: Ball
2-0: Swinging Strike
2-1: SINGLE (Groundball, 34D)
Danny Morrison scores
Cade Brown to third
Runner from 3rd tries for Home, SAFE, throw made home
Pitching: RHP Robinson Dávila
Batting: SHB Luis Romero 0-0: Ball
1-0: Ball
2-0: Swinging Strike
2-1: Sac Bunt - play at first, batter OUT! 1-4
Shawn Henderson to second
Batting: RHB Tommy Reid 0-0: Ball
1-0: Ground out 3-1 (Groundball, 2R)
Bottom of the 8th over - 2 run(s), 3 hit(s), 0 error(s), 1 left on base; Boston College 5 - Duke 4
TOP OF THE 9TH
Boston College Eagles batting - Pitching for Duke Blue Devils : RHP Jamie Arce
Batting: SHB Héctor Arteago 0-0: Called Strike
0-1: Ball
1-1: Foul Ball, location: 2F
1-2: Foul Ball, location: 2F
1-2: SINGLE (Groundball, 34D)
Batting: RHB Alan Mercado 0-0: Bunted foul
0-1: Bunt - Flyout! F5
Batting: SHB Ralph Alfonzo 0-0: Ball
1-0: Foul Ball, location: 2F
1-1: Ball
2-1: Foul Ball, location: 2F
2-2: Ground out 4-3 (Groundball, 4S)
Héctor Arteago to second
Batting: RHB Stanley Wallace 0-0: Ball
1-0: Ball
Passed Ball!
Héctor Arteago to third
2-0: Ball
3-0: Base on Balls
Batting: RHB Jim Banks 0-0: Called Strike
0-1: Ball
1-1: Foul Ball, location: 2F
1-2: Ball
2-2: SINGLE (Groundball, 6MD)
Héctor Arteago scores
Stanley Wallace to second
Runner from 2nd tries for 3rd, OUT after rundown.
Top of the 9th over - 1 run(s), 2 hit(s), 0 error(s), 1 left on base; Boston College 6 - Duke 4
BOTTOM OF THE 9TH
Duke Blue Devils batting - Pitching for Boston College Eagles : RHP Robinson Dávila
Pitching: RHP Brad Potter
Batting: RHB Deron McClendon 0-0: Fly out, F8 (Flyball, 8LM)
Batting: RHB Ronnie Starr 0-0: Called Strike
0-1: Ball
1-1: Foul Ball, location: 2F
1-2: Ball
2-2: Foul Ball, location: 2F
2-2: Foul Ball, location: 2F
2-2: Foul Ball, location: 2F
2-2: Foul Ball, location: 2F
2-2: Ball
3-2: Foul Ball, location: 2F
3-2: SINGLE (Line Drive, 4MD)
Batting: RHB John Conway 0-0: Ball
1-0: Foul Ball, location: 2F
1-1: Foul Ball, location: 2F
1-2: Ball
2-2: Ball
3-2: Base on Balls
Ronnie Starr to second
Batting: RHB Danny Morrison 0-0: Called Strike
0-1: Ball
1-1: SINGLE (Line Drive, 6)
Ronnie Starr to third
John Conway to second
Batting: LHB Cade Brown 0-0: Swinging Strike
0-1: Foul Ball, location: 2F
0-2: Grounds into double play, 4-6-3 (Groundball, 4)
Bottom of the 9th over - 0 run(s), 2 hit(s), 0 error(s), 2 left on base; Boston College 6 - Duke 4
Tuesday, August 8th, 2017 - OOTP Baseball 17.12 Build 75